FIQ, neutral male gnomish Wizard `######` ----------# ---------------- |........-########## ------------ |..............| #-........|# # #-I{...*....| |...............#####|........| ### ###|I.........| |...........)..| ----------############### ##### ..........| |...............####################### ### ### ----------- ----|----------- # # # ## ## ### ####### # # # ------# # ##` ##.....|# # # |.....# # # |<...|######### # # |....|# # -.-.------ --------.------# -.----# ###|.......>| |.._...........# ###### #.........| |..........%..| |........| |.............-####` ---------- --------------- FIQ the Evoker Experience level: 2 Strength: 11 Dexterity: 12 Constitution: 11 Intelligence: 19 Wisdom: 10 Charisma: 11 Health: 0(16) Energy: 19(19) Def: 1 Gold: 560 Moves: 1167 Dungeon seed: WnUKGyETT5gUaO1M Game ID: FIQ_1469135323 Your Inventory: Coins $ - 560 gold pieces Weapons a - a blessed +1 quarterstaff (weapon in hands) Armor e - an uncursed +0 cloak of magic resistance (being worn) Scrolls i - an uncursed scroll of identify j - an uncursed scroll of remove curse k - an uncursed scroll of genocide Spellbooks l - a blessed spellbook of force bolt m - an uncursed spellbook of charm monster Potions f - an uncursed potion of extra healing g - an uncursed potion of restore ability h - an uncursed potion of oil Rings c - an uncursed ring of polymorph d - an uncursed ring of cold resistance Wands b - a wand of striking (0:8) Spells and supernatural/magical abilities: Name Level Category Fail Memory a - force bolt 1 attack 0% 95% e - charm monster 3 enchantment 37% 95% W - pray for help -- divine ? -- Your skills at the end: Fighting Skills wands [Basic] Weapon Skills quarterstaff [Basic] Spellcasting Skills attack spells [Basic] enchantment spells [Basic] Final Attributes: You were stridently aligned. You were magic-protected. You were blinded. You had infravision. You are dead. Vanquished creatures: a green mold 3 jackals a goblin a sewer rat a bat a lichen 2 newts 10 creatures vanquished. Voluntary challenges: You were an atheist. You used a wielded weapon 6 times, starting on turn 109. You were illiterate. You never genocided any monsters. You never polymorphed an object. You never changed form. You used no wishes. You never split a pudding. You never wrote Elbereth's name. You never violated your personal moral code. Dungeon overview: The Dungeons of Doom: levels 1 to 4 Level 1 a fountain a long staircase Level 2 a general store Level 3 a long staircase Level 4 <- You were here an altar to Ptah, a fountain History has recorded: On T:1 you entered the Dungeons of Doom to retrieve the Amulet of Yendor! On T:185 you reached level 2 of The Dungeons of Doom. On T:535 you reached level 3 of The Dungeons of Doom. On T:874 you advanced to experience level 2. On T:879 you reached level 4 of The Dungeons of Doom. Score breakdown: Gold: 560 ( 9351 points) Experience: 2 levels ( 5570 points) Exploration: 4 levels ( 7.84%) ( 7348 points) Discoveries: 0 items ( 0.00%) ( 0 points) Valuables value: (no points given unless you survive) Artifact value: 0 ( 0 points) Variety of kills: 7 monsters ( 1.83%) ( 4055 points) Turncount: 1167 turns ( 0 points) Survival: died (score multiplied by 80%) Total score: 21059 Latest messages: The door opens. You are beginning to feel hungry. The force bolt hits the green mold! The green mold is killed! You see here a green mold corpse. The door opens. $ - 45 gold pieces. The door resists! The door opens. Wizard needs food, badly! You stop exploring. You feel too weak from hunger to explore. This door is locked. That door is closed. (2x) The door crashes open! $ - 121 gold pieces. The door resists! (4x) The door opens. You faint from lack of food. It bites! (10x) You die... Final status: Goodbye FIQ the Wizard, killed by a giant rat, while fainted from lack of food... You died in The Dungeons of Doom on dungeon level 4 with 21059 points, and 560 pieces of gold, after 1167 moves. You were level 2 with a maximum of 16 hit points when you died.